 Dungeon Crawl Stone Soup version 0.29-a0-542-g075992c915 (webtiles) character file.

Game seed: 10324497185435752958

69 Nedwor the Chopper (level 4, -4/40 HPs)
             Began as a Minotaur Berserker on June 3, 2022.
             Was a Believer of Trog.
             Killed from afar by Sigmund (6 damage)
             ... with a magic dart
             ... on level 3 of the Dungeon.
             The game lasted 00:03:35 (1783 turns).

Nedwor the Chopper (Minotaur Berserker)             Turns: 1783, Time: 00:03:36

Health: -4/40      AC: 11    Str: 24    XL:     4   Next: 2%
Magic:  3/3        EV:  7    Int:  4    God:    Trog [**....]
Gold:   122        SH:  0    Dex:  9    Spells: 3/3 levels left

rFire   . . .      SeeInvis .   a - +0 hand axe
rCold   . . .      Faith    .   (no shield)
rNeg    . . .      Spirit   .   k - +0 plate armour
rPois   .          Reflect  .   (helmet restricted)
rElec   .          Harm     .   (no cloak)
rCorr   .          Rampage  .   (no gloves)
Will    .....                   (no boots)
Stlth   ..........              (no amulet)
HPRegen 0.13/turn               d - ring of flight
MPRegen 0.08/turn               (no ring)

@: flying
A: horns 2, retaliatory headbutt
a: Renounce Religion, Berserk, Trog's Hand


You were on level 3 of the Dungeon.
You worshipped Trog.
Trog was pleased with you.
You visited 1 branch of the dungeon, and saw 4 of its levels.

You collected 122 gold pieces.

Inventory:

Hand Weapons
 a - a +0 hand axe (weapon)
Armour
 b - a +0 animal skin
 i - a +0 ring mail
 k - a +0 plate armour (worn)
Jewellery
 d - a ring of flight (left hand)
 q - a +6 ring of intelligence
Scrolls
 c - 2 scrolls of identify {unknown}
 e - 2 scrolls of noise {unknown}
 f - a scroll of immolation {unknown}
 g - 2 scrolls of amnesia {unknown}
 m - a scroll of fog {unknown}
 n - 3 scrolls of teleportation {unknown}
 o - 2 scrolls of vulnerability {unknown}
Potions
 h - a potion of invisibility {unknown}
 j - 2 potions of flight {unknown}
 l - a potion of cancellation {unknown}
 p - a potion of attraction {unknown}


   Skills:
 + Level 4.1 Fighting
 * Level 4.6 Axes
 + Level 3.1 Armour
 + Level 2.9 Dodging


You had 3 spell levels left.
You didn't know any spells.
Your spell library was empty.

Dungeon Overview and Level Annotations

Branches:
Dungeon (4/15)
 Temple: D:4-7

Altars:

Shops:
D:1 *

Annotations:
D:3 Sigmund


Innate Abilities, Weirdness & Mutations

You have a pair of horns on your head.
You reflexively headbutt those who attack you in melee.


Message History

You closely miss something. You headbutt something.
You hear some strange, mumbled words.
You are confused.
You bump into the rock wall.
You hear some strange, mumbled words.
A magic dart appears from out of thin air!
The magic dart hits you.
You barely miss something. Your headbutt misses something. Something hits you!
You are too confused!
You bump into the rock wall.
You hear some strange, mumbled words.
A puff of flame appears from out of thin air!
The puff of flame hits you.
* * * LOW HITPOINT WARNING * * *
You closely miss something. Something completely misses you.
You bump into the rock wall.
You miss something.
You feel less confused. Something hits you but does no damage.
You miss something. Something hits you but does no damage.
You completely miss something. Something hits you.
* * * LOW HITPOINT WARNING * * *
You closely miss something. You hit something. Your headbutt misses something.
Something hits you but does no damage.
You hit something. Something hits you.
* * * LOW HITPOINT WARNING * * *
You hit something but do no damage. Your headbutt misses something.
You hit something but do no damage. Your headbutt misses something.
Sigmund appears from thin air!
Reactivating autopickup.
Sigmund hits you but does no damage.
You hit Sigmund.
Sigmund is almost dead.
Sigmund hits you but does no damage.
You barely miss Sigmund.
Sigmund is almost dead.
Sigmund gestures at you while chanting. The magic dart hits you.
You die...

### ## ..# ..
#.# #. #.#
#..##.######...
#......@@......
##.##.#######..
#.##.# #.##.#
#.##.#
#######.##.#
...........#
#######.####
#.# ###


You could see Sigmund.

Vanquished Creatures
  2 adders (D:2)
  3 dart slugs (D:1)
  3 ball pythons
  3 bats (D:1)
  4 endoplasms
  3 giant cockroaches (D:1)
  4 goblins
  5 hobgoblins
  4 quokkas (D:1)
  3 frilled lizards
  4 kobolds (D:1)
  4 rats
42 creatures vanquished.

Notes
Turn   | Place    | Note
-------+----------+-------------------------------------------
     0 | D:1      | Nedwor the Minotaur Berserker began the quest for the Orb.
     0 | D:1      | Reached XP level 1. HP: 19/19 MP: 0/0
   178 | D:1      | Reached XP level 2. HP: 24/27 MP: 1/1
   575 | D:1      | Found Mebiergh's Assorted Antiques.
   628 | D:1      | Reached XP level 3. HP: 24/33 MP: 2/2
  1575 | D:2      | Reached ** piety under Trog
  1692 | D:2      | You are sucked into a shaft and drop 2 floors!
  1714 | D:3      | Reached XP level 4. HP: 37/40 MP: 3/3
  1758 | D:3      | Noticed Sigmund
  1779 | D:3      | HP: 2/40 [something (2)]
  1783 | D:3      | Killed from afar by Sigmund

Illustrated notes

Levels and vault maps discovered:
D:1:      evilmike_arrival_crescent, layout_basic, serial_shops,
          nicolae_shop_trees, minmay_split_cup_small
D:2:      layout_loops_ring, uniq_crazy_yiuf_cottage, uniq_robin
D:3:      layout_loops_ring, kiku_gazebo_pond_becter,
          hellmonk_ecumenical_altar_pennies_from_heaven, uniq_sigmund
D:4:      layout_cave_pools, fountainhead

Skill      XL: |  1  2  3 |
---------------+----------+-----
Axes           | 4 |  4.6
Fighting       | 4 |  4.1
Armour         | 3 |  3.1
Dodging        | |  2.9

Action                   |  1- 3 |  4- 6 || total
-------------------------+-------+-------++-------
Melee: Hand axe          |    85 |    21 ||   106
       Headbutt          |     7 |     1 ||     8
 Stab: Sleeping          |     1 |       ||     1
Armor: Animal skin       |    13 |       ||    13
       Plate armour      |     7 |     8 ||    15
       Ring mail         |     2 |       ||     2
Dodge: Dodged            |    53 |     1 ||    54

Table legend: (Time is in decaauts)
 A = Elapsed time spent in this place.
 B = Non-inter-level travel time spent in this place.
 C = Inter-level travel time spent in this place.
 D = Time resting spent in this place.
 E = Time spent auto-exploring this place.
 F = Levels seen in this place.
 G = Mean time per level.
                   A        B        C        D        E       F      G
               +--------+--------+--------+--------+--------+-----+--------+
         Total |   1790 |   1738 |     52 |    294 |   1159 |   4 |  447.5 |
       Dungeon |   1790 |   1738 |     52 |    294 |   1159 |   4 |  447.5 |
               +--------+--------+--------+--------+--------+-----+--------+

Top non-repeatable levels by time:
     D:1: 1342 daAuts
     D:2: 355 daAuts
     D:3: 77 daAuts
     D:4: 14 daAuts
